 Dungeon Sprint DCSS version 0.19.4 (webtiles) character file.

0 TryAgain the Chiller (level 1, 0/10 HPs)
             Began as a Deep Elf Ice Elementalist on Feb 4, 2017.
             Was an Initiate of Gozag.
             Killed from afar by Sigmund (8 damage)
             ... with a magic dart
             ... in the Dungeon (Sprint VI: "Thunderdome").
             The game lasted 00:01:53 (51 turns).

TryAgain the Chiller (Deep Elf Ice Elementalist)      Turns: 51, Time: 00:01:53

Health: 0/10       AC:  2    Str:  5    XL:     1   Next: 25%
Magic:  6/6        EV: 13    Int: 19    God:    Gozag
Gold:   200        SH:  0    Dex: 15    Spells: 1 memorised, 5 levels left

rFire  . . .     SeeInvis .     (no weapon)
rCold  . . .     Gourm    .     a - +0 robe
rNeg   . . .     Faith    .     (no shield)
rPois  .         Spirit   .     (no helmet)
rElec  .         Reflect  .     (no cloak)
rCorr  .         Harm     .     (no gloves)
MR     .....     NoTele   +     (no boots)
Stlth  ++........               (no amulet)
                                (no ring)
                                (no ring)

@: no status effects
A: no striking features
a: Potion Petition, Call Merchant, Bribe Branch, Renounce Religion


You were in the Dungeon.
You worshipped Gozag.
Gozag was aware of your devotion.
You were not hungry.

You visited 1 branch You collected 200 gold pieces.

Inventory:

Armour
 a - a +0 robe (worn)
Wands
 k - a wand of acid (4/15)
 l - a wand of iceblast (5/15)
Scrolls
 i - 4 scrolls of blinking
 m - 3 scrolls of fog
Potions
 d - a potion of curing
 e - 4 potions of heal wounds
 f - 4 potions of haste
 g - 2 potions of magic
 h - a potion of berserk rage
 j - a potion of resistance
Books
 b - a book of Frost

   Spells                             Type                      Level
   a - Freeze                         Ice                          1
   b - Throw Frost                    Conjuration/Ice              2
   c - Ozocubu's Armour               Charms/Ice                   3
   d - Throw Icicle                   Conjuration/Ice              4
   e - Summon Ice Beast               Ice/Summoning                4
Comestibles
 c - a bread ration


   Skills:
 + Level 2.8 Dodging
 + Level 2.9 Stealth
 + Level 3.2 Spellcasting
   Level 1.1 Conjurations
 + Level 3.7 Ice Magic


You had 5 spell levels left.
You knew the following spells:

 Your Spells              Type           Power        Failure   Level  Hunger
a - Freeze                Ice            ###.         3%          1    None


Dungeon Overview and Level Annotations

Branches:
Dungeon (1/1)

Altars:
Fedhas
Gozag
Makhleb
Okawaru
Ru
Trog
Uskayaw
Xom
Yredelemnul
Zin
The Shining One
Beogh
Lugonu

Shops:
D *[?**[(!!!!

Annotations:
D Sigmund


Message History

Unknown command.
There is an entrance to Poegg's Premium Goods here.
Sigmund the Dreaded comes into view.
He is wielding a scythe.
There is a glowing silver altar of Zin here.
Sigmund moves out of view.
There is an iron altar of Okawaru here.
There is a basalt altar of Yredelemnul here.
Found a corrupted altar of Lugonu.
Found Rotwyp's Identification Station.
Found a roughly hewn altar of Beogh.
Found Igayhud's Advanced Armour and Ufoofamp's Jewellery.
Evoke which item? (* to show all) (? for menu, Esc to quit)
Zapping:
k - a wand of acid (5/15)
Press: ? - help, Shift-Dir - straight line, f - Sigmund
Aim: Sigmund, wielding a scythe and wearing a robe (hasn't noticed you)
The bolt of acid misses Sigmund.
This wand has 4 charges left.
Sigmund points at you and mumbles some strange words.
The magic dart hits you!
Ouch! That really hurt!
You die...
Your body crumbles into a pile of gold.

..... #......___∩
∩........8. #.8......).
...........###..........
........# #...###.......
........# #.<.# #.......
........###@..###.......
...........###..........
∩........8.# #.8........
#∩__...@...###......._.∩
######.8.........8.#####
#⌠...........⌠#
###.........###
#_......._# #_......._#
#_......._# #∩.......∩#
##∩.....∩##


You could see Sigmund.

Vanquished Creatures
  A goblin (D)
  A frilled lizard (D)
2 creatures vanquished.

Notes
Turn   | Place    | Note
-------+----------+-------------------------------------------
     0 | D        | TryAgain the Deep Elf Ice Elementalist began the quest for the Orb.
     0 | D        | Reached XP level 1. HP: 10/10 MP: 6/6
     0 | D        | Found an opulent altar of Gozag.
     4 | D        | Found a sacrificial altar of Ru.
     4 | D        | Found a burning altar of Makhleb.
     5 | D        | Found a glowing golden altar of the Shining One.
     5 | D        | Round 1.
     6 | D        | Found Cecw's Do-It-Yourself Clinic.
     6 | D        | Found a shimmering altar of Xom.
     6 | D        | Found a hide-covered altar of Uskayaw.
     6 | D        | Found Sovicech's Distillery.
     7 | D        | Found Sihum's Bottled Wisdom.
     7 | D        | Found Uppotaw's Distillery.
    13 | D        | Found a bloodstained altar of Trog.
    23 | D        | Found a blossoming altar of Fedhas.
    24 | D        | Found Muewn's Weapon Rack.
    26 | D        | Found Samom's Basic Armour.
    26 | D        | Found Nyxawk's Miscellaneous Merchandise.
    30 | D        | Became a worshipper of Gozag Ym Sagoz the Greedy
    31 | D        | Found a basalt altar of Yredelemnul.
    31 | D        | Found an iron altar of Okawaru.
    31 | D        | Found a glowing silver altar of Zin.
    31 | D        | Found Poegg's Premium Goods.
    45 | D        | Noticed Sigmund
    48 | D        | Found a corrupted altar of Lugonu.
    49 | D        | Found a roughly hewn altar of Beogh.
    49 | D        | Found Rotwyp's Identification Station.
    50 | D        | Found Igayhud's Advanced Armour.
    50 | D        | Found Ufoofamp's Jewellery.
    51 | D        | Killed from afar by Sigmund

Action                   || total
-------------------------++-------
 Cast: Freeze            ||     3
Evoke: Wand              ||     1
